[ AOE2 MATCH · #477697365 ]
Team RMKhmer vs Bohemians
[ REPLAY ANALYSIS · EXTRACTED FROM THE RECORDED GAME ]
Feudal
11:26
Castle
14:25
Imperial
—
| APM avg | 17.1 |
| APM peak | 53 |
| eAPM avg | 7.3 |
| Villagers / military | 40 / 16 |
Focus
⚔️ 24.2% · 🌾 75.8%
Spearman ×12 · Scout Cavalry ×3 · Knight ×1
Feudal
11:18
Castle
14:59
Imperial
25:29
| APM avg | 27.7 |
| APM peak | 92 |
| eAPM avg | 8.0 |
| Villagers / military | 33 / 17 |
Focus
⚔️ 19.0% · 🌾 81.0%
Organ Gun ×9 · Monk ×4 · Petard ×2 · Trebuchet (Packed) ×2
Feudal
10:42
Castle
15:02
Imperial
—
| APM avg | 31.6 |
| APM peak | 82 |
| eAPM avg | 13.6 |
| Villagers / military | 46 / 2 |
Focus
⚔️ 5.0% · 🌾 95.0%
Knight ×2
Feudal
11:18
Castle
16:00
Imperial
—
| APM avg | 28.8 |
| APM peak | 50 |
| eAPM avg | 11.2 |
| Villagers / military | 53 / 27 |
Focus
⚔️ 21.4% · 🌾 78.6%
Knight ×11 · Scout Cavalry ×9 · Hussite Wagon ×5 · Monk ×2
Match map
Initial resources + every placement click. Lines = walls · curves = elevation contours. ◆ gold · ⬟ stone · ● berries · ✦ relic · ◌ wall gap
Your base· ✓ Closed at 14:25 · 0t walls · 2 gate(s)
shortsnorter's base· ✓ Closed at 14:59 · 0t walls · 2 gate(s)
bossax's base· ✓ Closed at 15:02 · 0t walls · 2 gate(s)
tecnihelp's base· ✓ Closed at 16:00 · 0t walls · 2 gate(s)
Smoothed initial terrain · ◌ = detected wall gap · hover for details
Inputs per minute
— Mono44 - - shortsnorter
Build order — Mono44
86 actions detected in the replay
| 0:02 | Create | Villager (Male) ×4 |
| 0:04 | Build | House |
| 0:05 | Build | House |
| 1:26 | Create | Villager (Male) |
| 1:52 | Create | Villager (Male) |
| 2:04 | Build | Lumber Camp |
| 2:37 | Create | Villager (Male) |
| 3:44 | Create | Villager (Male) |
| 4:15 | Build | House |
| 4:16 | Build | House |
| 4:18 | Create | Villager (Male) |
| 4:31 | Create | Villager (Male) |
| 5:09 | Create | Villager (Male) |
| 5:28 | Create | Villager (Male) |
| 5:57 | Create | Villager (Male) |
| 6:48 | Create | Villager (Male) |
| 6:49 | Create | Villager (Male) |
| 7:42 | Create | Villager (Male) |
| 7:43 | Create | Villager (Male) |
| 8:12 | Create | Villager (Male) |
| 8:16 | Build | Mining Camp |
| 8:53 | Build | Mill |
| 9:16 | Research | Feudal Age |
| 11:26 | Age | Feudal Age |
| 11:45 | Research | Castle Age |
| 11:53 | Build | Mining Camp |
| 12:03 | Build | Farm |
| 12:16 | Build | House |
| 12:18 | Build | House |
| 12:27 | Build | Stable |
| 12:46 | Build | Farm |
| 13:02 | Research | Double-Bit Axe |
| 13:28 | Build | Farm |
| 13:33 | Research | Horse Collar |
| 13:46 | Build | Farm |
| 14:25 | Age | Castle Age |
| 15:04 | Create | Scout Cavalry |
| 15:04 | Create | Scout Cavalry |
| 15:04 | Create | Scout Cavalry |
| 15:33 | Create | Villager (Male) ×2 |
| 16:03 | Build | Castle |
| 16:28 | Build | Farm |
| 16:33 | Build | Farm |
| 16:35 | Create | Villager (Male) |
| 16:35 | Create | Villager (Male) |
| 17:13 | Research | Loom |
| 17:14 | Create | Villager (Male) |
| 17:15 | Create | Villager (Male) |
| 17:18 | Build | Farm |
| 17:45 | Build | Stone Wall |
| 18:17 | Build | Barracks |
| 18:25 | Create | Villager (Male) ×5 |
| 18:34 | Build | Farm |
| 18:47 | Build | Farm |
| 18:57 | Create | Villager (Male) |
| 19:00 | Research | Bow Saw |
| 19:16 | Build | Blacksmith |
| 19:24 | Create | Villager (Male) |
| 19:24 | Create | Villager (Male) |
| 19:25 | Create | Villager (Male) |
| 19:45 | Create | Villager (Male) |
| 20:07 | Research | Scale Mail Armor |
| 20:10 | Create | Spearman |
| 20:10 | Create | Spearman |
| 20:30 | Create | Spearman |
| 21:03 | Build | Castle |
| 21:12 | Research | Pikeman (upgrade) |
| 22:01 | Create | Spearman |
| 22:01 | Create | Spearman |
| 22:01 | Create | Spearman |
| 22:30 | Create | Villager (Male) |
| 22:55 | Create | Spearman |
| 22:56 | Create | Spearman |
| 22:56 | Create | Spearman |
| 23:29 | Create | Spearman |
| 23:29 | Create | Spearman |
| 23:41 | Build | Lumber Camp |
| 24:03 | Create | Spearman |
| 24:24 | Create | Villager (Male) |
| 24:28 | Build | Farm |
| 24:30 | Build | Farm |
| 24:33 | Build | Farm |
| 24:34 | Build | Farm |
| 24:36 | Build | Farm |
| 24:52 | Create | Knight |
| 25:41 | Create | Villager (Male) ×4 |
Build order — shortsnorter
76 actions detected in the replay
| 0:01 | Create | Villager (Male) |
| 0:01 | Create | Villager (Male) |
| 0:02 | Create | Villager (Male) |
| 0:02 | Create | Villager (Male) |
| 0:02 | Create | Villager (Male) |
| 0:04 | Build | House |
| 0:06 | Build | House |
| 1:28 | Create | Villager (Male) |
| 1:46 | Build | Lumber Camp |
| 1:51 | Create | Villager (Male) |
| 2:23 | Create | Villager (Male) |
| 2:56 | Create | Villager (Male) |
| 2:56 | Create | Villager (Male) |
| 2:56 | Create | Villager (Male) |
| 2:59 | Build | House |
| 3:00 | Build | House |
| 3:44 | Create | Villager (Male) |
| 3:44 | Create | Villager (Male) |
| 4:13 | Create | Villager (Male) |
| 4:13 | Create | Villager (Male) |
| 4:14 | Create | Villager (Male) |
| 4:59 | Create | Villager (Male) |
| 5:00 | Create | Villager (Male) |
| 5:20 | Create | Villager (Male) |
| 5:21 | Create | Villager (Male) |
| 5:21 | Create | Villager (Male) |
| 5:32 | Build | Mining Camp |
| 6:03 | Create | Villager (Male) |
| 6:03 | Create | Villager (Male) |
| 6:05 | Create | Villager (Male) |
| 6:05 | Create | Villager (Male) |
| 6:05 | Create | Villager (Male) |
| 6:56 | Create | Villager (Male) |
| 6:59 | Create | Villager (Male) |
| 7:00 | Research | Loom |
| 7:20 | Build | Mill |
| 7:40 | Build | Mining Camp |
| 8:42 | Research | Feudal Age |
| 11:18 | Age | Feudal Age |
| 11:20 | Build | Blacksmith |
| 11:27 | Build | Market |
| 12:02 | Build | House |
| 12:19 | Research | Castle Age |
| 12:19 | Research | Castle Age |
| 13:56 | Create | Villager (Male) |
| 13:57 | Create | Villager (Male) |
| 13:57 | Create | Villager (Male) |
| 13:57 | Create | Villager (Male) |
| 14:00 | Create | Villager (Male) |
| 14:59 | Age | Castle Age |
| 15:06 | Build | Castle |
| 15:19 | Build | Monastery |
| 15:36 | Build | Mill |
| 16:09 | Create | Organ Gun |
| 16:09 | Create | Organ Gun |
| 16:19 | Create | Organ Gun |
| 16:22 | Create | Monk |
| 16:23 | Create | Monk |
| 16:24 | Create | Monk |
| 16:47 | Create | Organ Gun |
| 16:47 | Create | Organ Gun |
| 17:08 | Create | Petard |
| 17:08 | Create | Petard |
| 18:35 | Create | Monk |
| 21:50 | Build | Mining Camp |
| 22:20 | Research | Imperial Age |
| 22:32 | Research | Sanctity |
| 22:53 | Create | Organ Gun |
| 22:54 | Create | Organ Gun |
| 22:54 | Create | Organ Gun |
| 22:54 | Create | Organ Gun |
| 25:29 | Age | Imperial Age |
| 25:34 | Create | Trebuchet (Packed) |
| 25:34 | Create | Trebuchet (Packed) |
| 25:37 | Research | Block Printing |
| 25:39 | Research | Redemption |
Build order — bossax
92 actions detected in the replay
| 0:04 | Build | House |
| 0:05 | Build | House |
| 0:06 | Create | Villager (Male) |
| 0:06 | Create | Villager (Male) |
| 0:07 | Create | Villager (Male) |
| 0:07 | Create | Villager (Male) |
| 0:07 | Create | Villager (Male) |
| 1:47 | Create | Villager (Male) |
| 1:47 | Create | Villager (Male) |
| 1:57 | Build | Lumber Camp |
| 2:01 | Create | Villager (Male) |
| 2:02 | Create | Villager (Male) |
| 2:34 | Build | House |
| 2:36 | Build | House |
| 2:41 | Create | Villager (Male) |
| 3:13 | Create | Villager (Male) |
| 3:13 | Create | Villager (Male) |
| 3:14 | Create | Villager (Male) |
| 4:06 | Create | Villager (Male) |
| 4:06 | Create | Villager (Male) |
| 4:06 | Create | Villager (Male) |
| 4:07 | Create | Villager (Male) |
| 4:10 | Build | Mill |
| 5:21 | Create | Villager (Male) |
| 5:21 | Create | Villager (Male) |
| 5:22 | Create | Villager (Male) |
| 5:45 | Create | Villager (Male) |
| 5:45 | Create | Villager (Male) |
| 5:45 | Create | Villager (Male) |
| 5:46 | Create | Villager (Male) |
| 6:24 | Create | Villager (Male) |
| 6:24 | Create | Villager (Male) |
| 6:24 | Create | Villager (Male) |
| 6:25 | Create | Villager (Male) |
| 6:25 | Create | Villager (Male) |
| 6:38 | Build | Barracks |
| 6:41 | Build | House |
| 8:05 | Build | House |
| 8:09 | Build | Mining Camp |
| 8:38 | Research | Feudal Age |
| 8:39 | Research | Feudal Age |
| 9:54 | Create | Villager (Male) |
| 10:31 | Build | Farm |
| 10:33 | Build | Farm |
| 10:34 | Build | Farm |
| 10:35 | Build | Farm |
| 10:42 | Age | Feudal Age |
| 10:50 | Create | Villager (Male) |
| 11:05 | Build | Market |
| 11:19 | Create | Villager (Male) |
| 11:44 | Build | Blacksmith |
| 11:51 | Create | Villager (Male) |
| 12:08 | Create | Villager (Male) |
| 12:34 | Research | Castle Age |
| 12:53 | Build | Farm |
| 12:58 | Build | Farm |
| 13:03 | Research | Horse Collar |
| 13:13 | Build | Stable |
| 13:41 | Build | Mining Camp |
| 13:53 | Build | House |
| 15:02 | Age | Castle Age |
| 15:07 | Build | Watch Tower |
| 15:30 | Build | House |
| 16:29 | Build | Castle |
| 16:46 | Create | Villager (Male) |
| 16:46 | Create | Villager (Male) |
| 16:46 | Create | Villager (Male) |
| 17:15 | Create | Villager (Male) |
| 17:33 | Create | Villager (Male) |
| 17:46 | Build | Farm |
| 17:47 | Build | Farm |
| 17:53 | Create | Villager (Male) |
| 18:10 | Build | Farm |
| 18:15 | Build | Farm |
| 18:24 | Create | Villager (Male) |
| 18:55 | Create | Villager (Male) |
| 19:00 | Build | Town Center |
| 19:05 | Build | Farm |
| 19:10 | Create | Villager (Male) |
| 19:24 | Build | Farm |
| 19:26 | Create | Villager (Male) |
| 19:37 | Create | Villager (Male) |
| 19:43 | Build | Farm |
| 19:50 | Build | Farm |
| 19:59 | Build | Farm |
| 20:05 | Create | Villager (Male) |
| 21:08 | Build | House |
| 21:10 | Build | House |
| 21:58 | Build | Gate |
| 22:59 | Build | Stable |
| 23:54 | Create | Knight ×2 |
| 24:26 | Build | Farm |
Build order — tecnihelp
129 actions detected in the replay
| 0:03 | Build | House |
| 0:05 | Build | House |
| 0:13 | Create | Villager (Male) |
| 0:13 | Create | Villager (Male) |
| 0:13 | Create | Villager (Male) |
| 0:14 | Create | Villager (Male) |
| 1:38 | Create | Villager (Male) |
| 1:39 | Create | Villager (Male) |
| 2:01 | Build | Lumber Camp |
| 2:04 | Create | Villager (Male) |
| 2:29 | Create | Villager (Male) |
| 3:01 | Create | Villager (Male) |
| 3:17 | Build | House |
| 3:35 | Create | Villager (Male) |
| 4:09 | Create | Villager (Male) |
| 4:22 | Create | Villager (Male) |
| 4:53 | Create | Villager (Male) |
| 5:04 | Create | Villager (Male) |
| 5:52 | Create | Villager (Male) |
| 5:52 | Create | Villager (Male) |
| 6:21 | Build | Mill |
| 6:23 | Create | Villager (Male) |
| 6:27 | Build | House |
| 6:56 | Create | Villager (Male) |
| 7:32 | Create | Villager (Male) |
| 7:33 | Create | Villager (Male) |
| 7:49 | Build | Barracks |
| 8:12 | Research | Feudal Age |
| 8:18 | Create | Villager (Male) |
| 9:05 | Create | Villager (Male) |
| 9:08 | Research | Feudal Age |
| 9:13 | Build | Mining Camp |
| 9:18 | Build | House |
| 9:21 | Build | House |
| 9:36 | Research | Loom |
| 9:36 | Create | Villager (Male) |
| 10:57 | Create | Villager (Male) |
| 11:06 | Build | Farm |
| 11:07 | Build | Farm |
| 11:08 | Build | Farm |
| 11:18 | Age | Feudal Age |
| 11:36 | Build | Market |
| 11:40 | Build | Blacksmith |
| 12:17 | Build | Farm |
| 12:20 | Create | Villager (Male) |
| 12:47 | Create | Villager (Male) |
| 13:04 | Build | Farm |
| 13:07 | Build | Farm |
| 13:20 | Research | Castle Age |
| 13:23 | Build | Farm |
| 13:47 | Build | Stable |
| 14:02 | Research | Horse Collar |
| 14:08 | Research | Double-Bit Axe |
| 14:56 | Create | Scout Cavalry |
| 14:56 | Create | Scout Cavalry |
| 15:32 | Build | Stable |
| 15:40 | Build | Mining Camp |
| 15:50 | Create | Villager (Male) |
| 15:51 | Create | Villager (Male) |
| 16:00 | Age | Castle Age |
| 16:06 | Create | Knight |
| 16:07 | Create | Knight |
| 16:37 | Create | Knight |
| 16:37 | Create | Knight |
| 16:42 | Build | Monastery |
| 16:48 | Build | Farm |
| 16:49 | Create | Villager (Male) |
| 17:21 | Create | Villager (Male) |
| 17:24 | Build | Farm |
| 17:29 | Build | Farm |
| 18:15 | Create | Villager (Male) |
| 18:15 | Create | Villager (Male) |
| 18:17 | Create | Monk |
| 18:24 | Build | House |
| 18:27 | Build | House |
| 18:28 | Build | House |
| 18:40 | Create | Villager (Male) |
| 18:41 | Create | Villager (Male) |
| 18:46 | Build | Farm |
| 18:49 | Build | Farm |
| 19:03 | Build | Town Center |
| 19:21 | Research | Light Cavalry (upgrade) |
| 19:24 | Create | Villager (Male) |
| 19:24 | Create | Villager (Male) |
| 19:26 | Build | Farm |
| 19:40 | Create | Scout Cavalry |
| 19:40 | Create | Scout Cavalry |
| 20:01 | Create | Monk |
| 20:05 | Create | Villager (Male) |
| 20:15 | Build | Town Center |
| 20:19 | Create | Villager (Male) |
| 20:21 | Build | Farm |
| 20:27 | Create | Scout Cavalry |
| 20:28 | Create | Scout Cavalry |
| 21:05 | Research | Scale Barding Armor |
| 21:36 | Create | Scout Cavalry |
| 21:37 | Create | Scout Cavalry |
| 21:37 | Create | Scout Cavalry |
| 21:38 | Create | Villager (Male) |
| 21:39 | Create | Villager (Male) |
| 22:08 | Create | Villager (Male) |
| 22:08 | Create | Villager (Male) |
| 22:40 | Create | Villager (Male) |
| 22:40 | Create | Villager (Male) |
| 22:42 | Create | Villager (Male) |
| 22:42 | Create | Villager (Male) |
| 22:43 | Create | Villager (Male) |
| 22:51 | Create | Villager (Male) |
| 22:51 | Create | Villager (Male) |
| 23:38 | Create | Knight |
| 23:38 | Create | Knight |
| 23:39 | Create | Knight |
| 23:39 | Create | Knight |
| 23:47 | Create | Knight |
| 24:05 | Build | Castle |
| 24:18 | Build | Castle |
| 24:29 | Research | Forging |
| 24:38 | Create | Knight |
| 24:38 | Create | Knight |
| 25:34 | Create | Hussite Wagon |
| 25:34 | Create | Hussite Wagon |
| 25:35 | Create | Hussite Wagon |
| 25:44 | Build | Town Center |
| 25:55 | Create | Villager (Male) |
| 25:55 | Create | Villager (Male) |
| 25:58 | Create | Villager (Male) |
| 25:58 | Create | Villager (Male) |
| 26:25 | Create | Hussite Wagon |
| 26:26 | Create | Hussite Wagon |
Match timeline
| 6:38 | bossax · first_building Barracks |
| 7:49 | tecnihelp · first_building Barracks |
| 10:42 | bossax · age_up feudal |
| 11:18 | shortsnorter · age_up feudal |
| 11:18 | tecnihelp · age_up feudal |
| 11:26 | Mono44 · age_up feudal |
| 12:27 | Mono44 · first_building Stable |
| 13:13 | bossax · first_building Stable |
| 13:47 | tecnihelp · first_building Stable |
| 14:25 | Mono44 · age_up castle |
| 14:59 | shortsnorter · age_up castle |
| 15:02 | bossax · age_up castle |
| 15:06 | shortsnorter · first_building Castle |
| 15:19 | shortsnorter · first_building Monastery |
| 15:51 | bossax · first_market_sell 500 wood |
| 15:53 | bossax · first_market_buy 500 stone |
| 16:00 | tecnihelp · age_up castle |
| 16:03 | Mono44 · first_building Castle |
| 16:29 | bossax · first_building Castle |
| 16:42 | tecnihelp · first_building Monastery |
| 17:45 | Mono44 · wall_segment Stone Wall x1 |
| 18:17 | Mono44 · first_building Barracks |
| 18:59 | tecnihelp · first_market_buy 100 wood |
| 22:18 | shortsnorter · first_market_buy 100 food |
| 24:05 | tecnihelp · first_building Castle |
| 25:29 | shortsnorter · age_up imperial |
| 26:25 | bossax · resign |
[ AI ANALYSIS · 1 CREDIT ]
What really happened in this match?
Wolo.gg analyzes every decision: build order, eco, micro, common mistakes by bracket. Personalized analysis on WhatsApp or Discord in 30 seconds.
Civ guide
Khmer
Map guide
Arena
Perfil
Jugador #218002